 Dungeon Crawl Stone Soup version 0.30.0-29-ga12c61a403 (webtiles) character file.

Game seed: 9268962254875868046

2005 olmar the Cudgeller (level 9, -5/68 HPs)
             Began as a Human Fighter on June 7, 2023.
             Was an Initiate of Gozag.
             Killed by divine providence
             ... invoked by an orc priest
              (10 damage)
             ... on level 6 of the Dungeon.
             The game lasted 00:08:24 (5782 turns).

olmar the Cudgeller (Human Fighter)                 Turns: 5782, Time: 00:08:25

Health: -5/68      AC: 11    Str: 19 (21) XL:     9   Next: 45%
Magic:  9/9        EV: 10    Int:  5 (8)  God:    Gozag
Gold:   280        SH:  5    Dex: 11 (13) Spells: 8/8 levels left

rFire   . . .        r - +2 whip (freeze)
rCold   + . .        c - +0 buckler
rNeg    . . .        j - +0 scale mail {rC+}
rPois   .            v - +0 helmet
rElec   .            p - +0 cloak
rCorr   .            k - +0 pair of gloves
SInv    .            (no boots)
Will    .....        (no amulet) Stlth
                     (no ring)
HPRegen 0.31/turn    (no ring)
MPRegen 0.11/turn

%: no passive effects
@: flying
A: mutation resistance 1
a: Renounce Religion, Potion Petition, Call Merchant, Bribe Branch


You were on level 6 of the Dungeon.
You worshipped Gozag.
Gozag was aware of your devotion.
You visited 2 branches of the dungeon, and saw 8 of its levels.

You collected 392 gold pieces.
You paid 112 gold pieces to Gozag.

Inventory:

Hand Weapons
 a - a +0 flail
 q - a +1 vampiric dagger
 r - a +2 whip of freezing (weapon)
Armour
 b - a +0 scale mail
 c - a +0 buckler (worn)
 j - a +0 scale mail of cold resistance (worn)
 k - a +0 pair of gloves (worn)
 m - the +1 robe of Kindness {*Slow rCorr Str+3}
   (You found it on level 7 of the Dungeon)

   Str:       It affects your strength (+3).
   rCorr:     It protects you from acid and corrosion.
   *Slow:     It may slow you when you take damage.
 p - a +0 cloak (worn)
 v - a +0 helmet (worn)
Jewellery
 d - a ring of resist corrosion
 B - a ring of wizardry
Scrolls
 g - a scroll of magic mapping
 h - 3 scrolls of teleportation
 l - a scroll of vulnerability
 n - a scroll of fear {unknown}
 s - a scroll of enchant weapon {unknown}
 u - 4 scrolls of poison
 y - a scroll of acquirement {unknown}
 A - a scroll of amnesia {unknown}
 F - a scroll of immolation {unknown}
Potions
 f - 2 potions of brilliance
 i - a potion of attraction {unknown}
 o - a potion of degeneration
 t - 3 potions of mutation
 x - a potion of cancellation
 D - a potion of lignification {unknown}
 E - a potion of magic {unknown}


   Skills:
 + Level 5.3 Fighting
 + Level 7.0 Maces & Flails
 + Level 6.6 Armour
 + Level 4.3 Dodging
 + Level 1.3 Stealth
 + Level 4.9 Shields


You had 8 spell levels left.
You didn't know any spells.
Your spell library contained the following spells:

 Spells                   Type           Power      Damage    Failure   Level
 Kiss of Death            Conj/Necr      0%         2d5       87%         1
 Confusing Touch          Hex            0%         N/A       99%         3
 Dispel Undead            Necr           0%         3d6       100%        4


Dungeon Overview and Level Annotations

Branches:
Dungeon (7/15)             Temple (1/1) D:5

Altars:
Cheibriados
Elyvilon
Gozag
Nemelex Xobeh
Okawaru
Qazlal
Ru
Sif Muna
Trog
Uskayaw
Wu Jian
Xom
Zin

Shops:
D:1 ?(((:   D:2 ?   D:4 [:?[[!?

Annotations:
D:3 3 runed translucent doors, seaoflcl's ghost, amateur MiFi


Innate Abilities, Weirdness & Mutations

You are somewhat resistant to further mutation.


Message History

The orc warrior closely misses you.
Unknown command.
You closely miss the orc warrior.
The orc warrior is almost dead.
The orc warrior closely misses you.
Unknown command.
You closely miss the orc warrior.
The orc warrior is almost dead.
The orc warrior hits you with a +0 glaive!
Unknown command.
You hit the orc warrior but do no damage.
The orc warrior is almost dead.
The orc warrior is distracted by your dazzling golden aura.
Unknown command.
You aren't carrying any items that you can evoke.
Unknown command.
It was a potion of curing.
You feel better.
The orc priest calls down the wrath of Beogh upon you.
Beogh smites you!
The orc warrior shouts!
Unknown command.
You hit the orc warrior but do no damage.
The orc warrior is no longer distracted by gold.
The orc warrior is almost dead.
Unknown command.
You barely miss the orc warrior.
The orc warrior is almost dead.
The orc priest begins to cast a cantrip, but forgets the words!
The orc warrior hits you with a +0 glaive!!
* * * LOW HITPOINT WARNING * * *
The orc wizard casts a spell.
The orc wizard flickers and vanishes!
Deactivating autopickup; reactivate with Ctrl-A.
It was a potion of flight.
You feel very buoyant.
You fly up into the air.
The orc priest invokes the aid of Beogh against you.
Beogh smites you!
You die...
Your body crumbles into a pile of gold. oo.

#.# ..###..###
#.........
..S......
#oo...... ##{#
##o## ## #o##
###.##@##
#.##....#####
##..##.........
#.........####.
#.#.##....##
##.###.....#
#.###.##..........
###..## ##........
##.# #......


You could see an orc warrior, an orc priest, an adder and 2 orcs.

Vanquished Creatures
  Prince Ribbit (D:7)
  Duvessa (D:7)
  2 ice beasts
  2 black bears
  A centaur (D:7)
  An ogre (D:5)
  2 phantoms
  3 scorpions
  A bullfrog (D:7)
  Dowan (D:7)
  2 jellies (D:5)
  A gnoll bouda (D:7)
  2 orc priests (D:4)
  3 hounds
  4 iguanas
  3 orc wizards
  Natasha (thrice) (D:4)
  9 gnolls (D:7)
  5 adders
  A shadow imp (D:6)
  A white imp (D:5)
  An ufetubus (D:4)
  3 worms
  2 dart slugs
  14 orcs
  4 ball pythons
  6 endoplasms
  2 giant cockroaches (D:2)
  9 goblins
  7 hobgoblins
  5 jackals
  8 kobolds
  5 quokkas
  9 bats
  5 frilled lizards
  4 rats
133 creatures vanquished.

Notes
Turn   | Place    | Note
-------+----------+-------------------------------------------
     0 | D:1      | olmar the Human Fighter began the quest for the Orb.
     0 | D:1      | Reached XP level 1. HP: 18/18 MP: 1/1
    95 | D:1      | Found Sungis Foymi's Magic Scroll Emporium.
   108 | D:1      | Found Jezoimneikh's Weapon Shop.
   111 | D:1      | Reached XP level 2. HP: 24/24 MP: 2/2
   117 | D:1      | Found Ecolot's Antique Weapon Shop.
   195 | D:1      | Noticed a walking divine tome
   196 | D:1      | Found Qomuz's Book Boutique.
   210 | D:1      | Noticed a walking crystal tome
   443 | D:1      | Reached XP level 3. HP: 23/29 MP: 3/3
   556 | D:1      | Found Hicsonett's Antique Weapon Shoppe.
   694 | D:1      | Reached skill level 1 in Dodging
   795 | D:2      | Found Disai's Magic Scroll Emporium.
   915 | D:2      | Reached XP level 4. HP: 35/35 MP: 4/4
  1436 | D:3      | Found a hide-covered altar of Uskayaw.
  1436 | D:3      | Found a bloodstained altar of Trog.
  1510 | D:3      | Reached skill level 3 in Maces & Flails
  1510 | D:3      | Reached XP level 5. HP: 29/41 MP: 5/5
  1688 | D:3      | Found a runed translucent gate.
  1688 | D:3      | Found a runed translucent gate.
  1688 | D:3      | Found a runed translucent gate.
  1784 | D:3      | Noticed seaoflcl's ghost (amateur MiFi)
  2213 | D:4      | Found Diguogub's Magic Scroll Shop.
  2213 | D:4      | Found Wapten's Distillery.
  2213 | D:4      | Found Abrab's Armour Shop.
  2372 | D:4      | Found Macry's Book Shop.
  2383 | D:4      | Noticed Natasha
  2394 | D:4      | Killed Natasha
  2395 | D:4      | Reached XP level 6. HP: 38/47 MP: 6/6
  2487 | D:4      | Found Deveaq's Armour Emporium.
  2636 | D:4      | Reached skill level 4 in Maces & Flails
  2696 | D:4      | Noticed Natasha
  2712 | D:4      | Killed Natasha
  2829 | D:4      | Noticed Natasha
  2836 | D:4      | Killed Natasha
  2837 | D:4      | Reached XP level 7. HP: 47/54 MP: 7/7
  2976 | D:4      | You fall into a shaft and drop 3 floors!
  3105 | D:7      | Noticed Prince Ribbit
  3135 | D:7      | Reached skill level 5 in Maces & Flails
  3135 | D:7      | Reached XP level 8. HP: 35/61 MP: 8/8
  3145 | D:7      | Killed Prince Ribbit
  3146 | D:7      | Reached skill level 5 in Armour
  3149 | D:7      | Identified the +1 robe of Kindness {*Slow rCorr Str+3}
  3315 | D:7      | Noticed Dowan
  3315 | D:7      | Noticed Duvessa
  3330 | D:7      | Killed Dowan
  3340 | D:7      | Killed Duvessa
  3499 | D:7      | Reached skill level 6 in Maces & Flails
  3667 | D:7      | Reached skill level 1 in Stealth
  3811 | D:5      | Entered Level 5 of the Dungeon
  3863 | D:5      | Reached XP level 9. HP: 59/67 MP: 9/9
  3886 | D:4      | Found Ohooneal's Magic Scroll Boutique.
  4074 | D:4      | Found Gucir's Armour Shop.
  4594 | D:5      | Found a staircase to the Ecumenical Temple.
  4644 | Temple   | Entered the Ecumenical Temple
  4670 | Temple   | Became a worshipper of Gozag Ym Sagoz the Greedy
  4796 | D:5      | Reached skill level 5 in Fighting
  4813 | D:4      | Gained mutation: You are somewhat resistant to further
                  | mutation. [potion of mutation]
  5310 | D:5      | Found a sparkling altar of Nemelex Xobeh.
  5441 | D:5      | Found a glowing silver altar of Zin.
  5441 | D:5      | Noticed an angel
  5664 | D:6      | Reached skill level 7 in Maces & Flails
  5782 | D:6      | Killed from afar by an orc priest

Illustrated notes

Levels and vault maps discovered:
D:1:      spicycebolla_arrival_ecumenical, layout_basic, serial_shops,
          nicolae_shop_statue_plus, nicolae_shop_overgrown_old_shop, shop,
          shop_fountains, nicolae_shop_mannequins
D:2:      layout_rooms, serial_shops, shop, kennysheep_generic_room_9
D:3:      layout_loops_cross, amethyst_overflow_temple_binary,
          gammafunk_ghost_icy
D:4:      layout_loops_cross, serial_shops, shop, shop, nicolae_shop_peninsula,
          nicolae_shop_peninsula, nicolae_shop_distant_corner_stores,
          uniq_natasha
D:5:      layout_basic, zin_angel, nemelex_dance_club_becter,
          minmay_temple_entry_enclosed_plants, st_stairs_4
D:6:      layout_layer_cave, kennysheep_generic_room_8
D:7:      layout_basic, serial_shops, nicolae_shop_behind_doors,
          serial_park_tiny_pond, dk_noncrumbling_3, chequers_jeans,
          dreamdust_gnoll_shepherd, uniq_joseph, uniq_prince_ribbit1,
          uniq_duvessa
Temple:   nicolae_temple_bog_church

Skill      XL: |  1  2  3  4  5  6  7  8  9 |
---------------+----------------------------+-----
Dodging        | 1 2 3 4 |  4.3
Maces & Flails | 3 4 5 6 7 |  7.0
Armour         | 4 5 6 |  6.6
Fighting       | 4 5 |  5.3
Shields        | 4 |  4.9
Stealth        | 1 |  1.3

Action                     |  1- 3 |  4- 6 |  7- 9 || total
---------------------------+-------+-------+-------++-------
  Melee: Flail             |    98 |   144 |    17 ||   259
         Whip              |       |    55 |   266 ||   321
    Use: Scroll            |       |       |     7 ||     7
         Potion            |       |       |     8 ||     8
 Armour: Scale mail        |    66 |    85 |    84 ||   235
  Dodge: Dodged            |    83 |    92 |   116 ||   291
  Block: Buckler           |    32 |    50 |    58 ||   140
